 Dungeon Crawl Stone Soup version 0.17-a0-2098-gf59d6bc (webtiles) character file.

280 4thArraOfDagon the Firebug (level 6, 1/32 HPs)
             Began as a Deep Elf Fire Elementalist on Oct 17, 2015.
             Quit the game on level 5 of the Dungeon.
             The game lasted 00:06:31 (1205 turns).

4thArraOfDagon the Firebug (DEFE)                   Turns: 1205, Time: 00:06:31

Health: 1/32       AC:  5    Str:  5    XL:     6   Next: 5%
Magic:  15/15      EV: 18    Int: 22    God:
Gold:   140        SH:  0    Dex: 20    Spells: 3 memorised, 6 levels left

rFire  . . .     SeeInvis +     i - +0 trident (flame)
rCold  . . .     Clarity  .     p - +2 robe {MR+}
rNeg   . . .     SustAt   .     (no shield)
rPois  .         Gourm    .     (no helmet)
rElec  .         Spirit   .     (no cloak)
rCorr  .         Warding  .     (no gloves)
rMut   .         Stasis   .     r - +0 pair of boots
MR     ++...                    (no amulet)
Stlth  +++.......               m - ring of see invisible
                                h - ring of protection from magic

@: agile, lethally poisoned (1 -> -7), very resistant to hostile enchantments,
fairly stealthy
A: no striking features
a: no special abilities


You were on level 5 of the Dungeon.
You were not hungry.

You visited 1 branch of the dungeon, and saw 5 of its levels.

You collected 140 gold pieces.

Inventory:

Hand Weapons
 i - a +0 trident of flaming (weapon)
Armour
 p - a +2 robe of magic resistance (worn)
 r - a +0 pair of boots (worn)
Jewellery
 h - a ring of protection from magic (left hand)
 m - a ring of see invisible (right hand)
Wands
 j - a wand of frost (25)
Scrolls
 e - 3 scrolls of teleportation {unknown}
 f - 2 scrolls of identify {unknown}
 k - 4 scrolls of remove curse
Potions
 l - a potion of haste
Books
 b - a book of Flames

   Spells                             Type                      Level
   a - Flame Tongue                   Conjuration/Fire             1
   b - Throw Flame                    Conjuration/Fire             2
   c - Conjure Flame                  Conjuration/Fire             3
   d - Inner Flame                    Hexes/Fire                   3
   e - Sticky Flame                   Conjuration/Fire             4
   f - Fireball                       Conjuration/Fire             5
Comestibles
 c - 3 bread rations
 g - 2 meat rations
 o - 2 slices of pizza
 s - 3 chunks of flesh
 t - a beef jerky


   Skills:
 - Level 2.4 Dodging
 - Level 2.4 Stealth
 + Level 4.6 Spellcasting
 * Level 4.1 Conjurations
 * Level 5.4 Fire Magic


You had 6 spell levels left.
You knew the following spells:

 Your Spells              Type           Power        Failure   Level  Hunger
a - Flame Tongue          Conj/Fire      ####.        1%          1    None
b - Sticky Flame          Conj/Fire      ####....     17%         4    ####...
c - Conjure Flame         Conj/Fire      ####....     6%          3    ##.....


Dungeon Overview and Level Annotations

Branches:
Dungeon (5/15)
 Temple: D:4-7

Altars:
Cheibriados
Ru


Message History

* * * LOW HITPOINT WARNING * * *
You feel sick.
* * * LOW HITPOINT WARNING * * *
You feel sick.
* * * LOW HITPOINT WARNING * * *
You feel sick.
* * * LOW HITPOINT WARNING * * *
You feel sick.
* * * LOW HITPOINT WARNING * * *
You feel sick.
* * * LOW HITPOINT WARNING * * *
You feel sick.
* * * LOW HITPOINT WARNING * * *
You feel sick.
* * * LOW HITPOINT WARNING * * *
You feel sick.
* * * LOW HITPOINT WARNING * * *
You feel sick.
Unknown command.
Are you sure you want to abandon this character and quit the game? (Confirm with "yes".)

..#.# ..#.# ...
#.#.# ... #.# ...
..#.# #.# ###.# #.#
#ยง############.#
#..............# #
#.............@#.#
#................#
###.............##.#
................#
...
###[............#
... #.............#
.....
#########.....# ....
#.##### .... #.#


There were no monsters in sight!

Vanquished Creatures
  Blork the orc (D:4)
  A scorpion (D:5)
  An orc priest (D:4)
  An orc wizard (D:4)
  A worker ant (D:5)
  3 gnolls (D:3)
  2 adders (D:2)
  An ooze (D:2)
  An adder zombie (D:5)
  2 giant geckos
  4 orcs (D:3)
  A giant cockroach (D:2)
  3 hobgoblins
  A quokka (D:4)
  A ball python (D:2)
  4 bats
  6 goblins
  2 kobolds (D:2)
  3 rats
39 creatures vanquished.

Notes
Turn   | Place    | Note
--------------------------------------------------------------
     0 | D:1      | 4thArraOfDagon the Deep Elf Fire Elementalist began the quest for the Orb.
     0 | D:1      | Reached XP level 1. HP: 10/10 MP: 6/6
   143 | D:2      | Found a sacrificial altar of Ru.
   259 | D:2      | Reached XP level 2. HP: 12/15 MP: 5/8
   326 | D:4      | Noticed Blork the orc
   405 | D:2      | Reached skill level 4 in Fire Magic
   405 | D:2      | Reached XP level 3. HP: 17/19 MP: 6/10
   556 | D:3      | Reached XP level 4. HP: 18/24 MP: 3/11
   563 | D:3      | Found a snail-covered altar of Cheibriados.
   760 | D:3      | Noticed a worker ant
   813 | D:4      | Noticed an ogre
   921 | D:3      | Learned a level 4 spell: Sticky Flame
   940 | D:4      | Killed Blork the orc
   940 | D:4      | Reached XP level 5. HP: 4/28 MP: 13/13
   973 | D:4      | Noticed a scorpion
   980 | D:4      | Learned a level 3 spell: Conjure Flame
  1033 | D:4      | Reached skill level 5 in Fire Magic
  1086 | D:5      | Entered Level 5 of the Dungeon
  1185 | D:5      | Reached XP level 6. HP: 5/32 MP: 6/15
  1203 | D:5      | HP: 1/32 [poison (a potion of poison)]
  1205 | D:5      | Quit the game

Vault maps used:
D:1:      dpeg_arrival_water_temple_mockup, hex_tiny
D:2:      nicolae_ru_path_of_blood, corexii_item_surrounded_by_moat
D:3:      cheibriados_altar_1, nicolae_overflow_hidden_temple, first_bread,
          minmay_misc_feat_five
D:4:      lemuel_upstairs_altar, serial_shops, shop, uniq_blork_the_orc
D:5:      basic_altar

Action                   |  1- 3 |  4- 6 || total
-------------------------+-------+-------++-------
Melee: Spear             |     6 |       ||     6
       Unarmed           |     2 |       ||     2
       Trident           |    27 |    31 ||    58
 Cast: Flame Tongue      |    32 |    12 ||    44
       Sticky Flame      |       |     3 ||     3
       Conjure Flame     |       |     1 ||     1
  Use: Scroll            |     1 |       ||     1
       Potion            |       |     6 ||     6
 Stab: Sleeping          |     4 |     1 ||     5
  Eat: Chunk             |       |     2 ||     2
